Login

Seattle Kraken vs Colorado Avalanche

Created - 07 May 2024 at 23:09

Goals
1 2 3 T
Seattle Kraken 0 0 0 0
Colorado Avalanche 2 0 1 3
Shots
1 2 3 T
Seattle Kraken 2 7 14 23
Colorado Avalanche 8 10 16 34

GoalsPenalties
1st period
1. Colorado Avalanche , Mikko Rantanen 17 (Nathan MacKinnon 17, Artturi Lehkonen 6) at 15:07 (PP)
2. Colorado Avalanche , Nathan MacKinnon 15 (Mikko Rantanen 14) at 15:33 (PP)
Ryan Johansen (COL) for Roughing (Minor) at 2:03
Adam Larsson (SEA) for Holding (Minor) at 6:51
Yanni Gourde (SEA) for Roughing (Minor) at 12:24
Adam Larsson (SEA) for Holding (Minor) at 14:54
Jamie Oleksiak (SEA) for Hooking (Minor) at 15:24
Yanni Gourde (SEA) for Holding (Minor) at 16:57
2nd period
No Goal
Alex Wennberg (SEA) for Hooking (Minor) at 3:03
Justin Schultz (SEA) for High sticking (Minor) at 9:36
Andre Burakovsky (SEA) for High sticking (Minor) at 16:16
Brandon Tanev (SEA) for Delaying the game (Minor) at 0:00
3rd period
3. Colorado Avalanche , Artturi Lehkonen 5 (Mikko Rantanen 15, Bowen Byram 8) at 5:31 (PP)
Jalen Chatfield (SEA) for Hooking (Minor) at 5:16
Goalie Stats
Philipp Grubauer (SEA), 31 saves from 34 shots - (0.912), L, 1-2-1, 60:00 minutes
Alexandar Georgiev (COL), 23 saves from 23 shots - (1.000), W, 10-8-4, 60:00 minutes
3 StarsOfficial
1 - Alexandar Georgiev (COL)
2 - Mikko Rantanen (COL)
3 - Nathan MacKinnon (COL)
Referees : Dan Kelly and Brian Pochmara
Linesman : Steven Walsh and Kyle Allen
Game Note
No Game Note
Finance
Level 1 -- Attendance: 5660 (94.33%) -- Ticket Income $566,000
Level 2 -- Attendance: 4554 (91.08%) -- Ticket Income $273,240
Level 3 -- Attendance: 1550 (77.50%) -- Ticket Income $54,250
Level 4 -- Attendance: 2925 (73.13%) -- Ticket Income $73,125
Luxury Box -- Attendance: 991 (99.10%) -- Ticket Income $198,200
Game was played at the Ball Arena.
Total Attendance: 15680 (87.11%)
Total Ticket Income: $1,164,815
Other Income: $570,759
Total Income: $1,735,574



Team Name Goals Shots Shots Attemp Shots Blocked PIM HIT PP PK FO%
Seattle Kraken 02349620230 / 1 (0%)345%
Colorado Avalanche 33459152233 / 10 (30%)055%

Seattle Kraken
Player Name POS G A P +/- PIM HIT SHT SB MP PP MP PP SHT PK MP PK SHT FO% FOT GA TA
Adam LarssonD0000431225:561:2207:1300% 000
Alex WennbergC0000221017:221:0507:09075% 400
Andre BurakovskyLW0000232017:330:5404:550100% 100
Brandon TanevLW000021209:060:0000:0000% 000
Brian DumoulinD0000011017:460:3705:1500% 000
Jaden SchwartzC000001309:000:0000:09040% 500
Jalen ChatfieldD0000200015:110:0000:3400% 000
Jamie OleksiakD0000220026:180:0008:4600% 001
Jared McCannLW0000011014:421:0500:00026% 2300
Jaycob MegnaD0000021016:461:2201:2100% 001
Jordan EberleRW0000012022:481:0507:52054% 1300
Justin SchultzD0000210318:030:3705:5300% 000
Kailer YamamotoRW000000108:340:0000:0000% 010
Klim KostinRW000000008:510:0000:0000% 000
Matty BeniersC0000001117:070:0002:4400% 110
Oliver BjorkstrandRW0000004012:330:5400:0000% 000
Pierre-Edouard BellemareLW0000021011:180:0002:2700% 000
Yanni GourdeC0000432016:260:5403:46067% 911
Colorado Avalanche
Player Name POS G A P +/- PIM HIT SHT SB MP PP MP PP SHT PK MP PK SHT FO% FOT GA TA
Andrew CoglianoC000000007:540:0000:14075% 400
Artturi LehkonenLW1120014022:228:1510:0000% 111
Bowen ByramD0110001123:079:0100:5600% 000
Brad HuntD0000002318:050:0000:0000% 002
Chris WagnerRW0000020010:510:0300:0000% 000
Devon ToewsD0000023325:235:3000:4600% 000
Fredrik OlofssonLW000001018:260:0000:4600% 000
Jack JohnsonD0000020313:130:0001:0300% 000
Joel KivirantaLW000002007:570:0000:0000% 000
Jonathan DrouinLW0000016016:486:1300:1300% 000
Josh MansonD0000011122:099:0111:0300% 000
Logan O'ConnorRW0000020111:070:0300:0000% 010
Mikko RantanenRW1230015022:228:1520:000100% 100
Nathan MacKinnonC1120018123:118:1540:45063% 3800
Ross ColtonC0000010011:510:0301:0000% 400
Ryan JohansenC0000232017:076:1310:00038% 800
Samuel GirardD0000001118:035:3000:1000% 010
Tomas TatarLW0000031018:046:1311:0000% 000

Seattle Kraken

5 vs 5 Forward
Line #Left WingCenterRight WingPHYDFOFWanted %Time %Time Play
1Matty BeniersJared McCannJordan Eberle1134033%14:23
2Andre BurakovskyYanni GourdeOliver Bjorkstrand2213527%11:42
3Brandon TanevAlex WennbergKailer Yamamoto2212020%8:34
4Pierre-Edouard BellemareJaden SchwartzKlim Kostin311520%8:51
5 vs 5 Defense
Line #DefenseDefensePHYDFOFWanted %Time %Time Play
1Adam LarssonJamie Oleksiak1224541%18:03
2Brian DumoulinJustin Schultz3112027%11:34
3Jaycob MegnaJalen Chatfield2212031%13:30
4Adam LarssonJamie Oleksiak212151%0:23
Power Play Forward
Line #Left WingCenterRight WingPHYDFOFWanted %Time %Time Play
1Jared McCannAlex WennbergJordan Eberle1046055%1:05
2Andre BurakovskyYanni GourdeOliver Bjorkstrand2124045%0:54
Power Play Defense
Line #DefenseDefensePHYDFOFWanted %Time %Time Play
1Adam LarssonJaycob Megna1136569%1:22
2Brian DumoulinJustin Schultz2123531%0:37
Penalty Kill 4 Players Forward
Line #CenterWingPHYDFOFWanted %Time %Time Play
1Jordan EberleAlex Wennberg2305561%8:47
2Yanni GourdeAndre Burakovsky2304539%5:44
Penalty Kill 4 Players Defense
Line #DefenseDefensePHYDFOFWanted %Time %Time Play
1Jamie OleksiakAdam Larsson0506564%9:16
2Brian DumoulinJustin Schultz0503536%5:15
Penalty Kill 3 Players
Line #WingPHYDFOFWanted %Time %Time PlayDefenseDefensePHYDFOFWanted %Time %Time Play
1Andre Burakovsky050550%0:00 Jamie OleksiakJaycob Megna050650%0:00
2Yanni Gourde050450%0:00 Brian DumoulinJustin Schultz050350%0:00
4 vs 4 Forward
Line #CenterWingPHYDFOFWanted %Time %Time Play
1Jordan EberleMatty Beniers131550%0:00
2Yanni GourdeAndre Burakovsky131450%0:00
4 vs 4 Defense
Line #DefensePHYDFOFWanted %Time %Time Play
1Adam LarssonJamie Oleksiak050600%0:00
2Brian DumoulinJustin Schultz050400%0:00
Last Minutes Offensive
Left WingCenterRight WingDefenseDefense
Matty BeniersJared McCannJordan EberleAdam LarssonJamie Oleksiak
Last Minutes Defensive
Left WingCenterRight WingDefenseDefense
Matty BeniersJared McCannJordan EberleAdam LarssonJamie Oleksiak
Time
Total ForwardTotal DefenseLast Minutes OffensiveLast Minutes Defensive
60:00 60:00 0:000:00
Extra Forwards
Normal PowerPlayPenalty Kill
Alex Wennberg, Andre Burakovsky, Oliver BjorkstrandAlex Wennberg, Andre BurakovskyAlex Wennberg
Extra Defensemen
Normal PowerPlayPenalty Kill
Justin Schultz, Jaycob Megna, Jalen ChatfieldJustin Schultz, Justin SchultzJaycob Megna
Penalty Shots
Andre Burakovsky, Jordan Eberle, Oliver Bjorkstrand, Yanni Gourde, Alex Wennberg
Goalie
Philipp Grubauer, Carter Hart
Custom OT Lines Forwards
Jared McCann, Jordan Eberle, Matty Beniers, Yanni Gourde, Alex Wennberg, Andre Burakovsky, Oliver Bjorkstrand, Jaden Schwartz, Brandon Tanev, Kailer Yamamoto
Custom OT Lines Defensemen
Jalen Chatfield, Adam Larsson, Brian Dumoulin, Justin Schultz, Jaycob Megna
Scratches
Connor Carrick (Healthy), John Hayden (Healthy), Devin Shore (Healthy)

Colorado Avalanche

5 vs 5 Forward
Line #Left WingCenterRight WingPHYDFOFWanted %Time %Time Play
1Artturi LehkonenNathan MacKinnonMikko Rantanen1044033%14:29
2Tomas TatarRyan JohansenLogan O'Connor1043025%10:51
3Jonathan DrouinRoss ColtonChris Wagner1222024%10:30
4Joel KivirantaAndrew CoglianoFredrik Olofsson1221018%7:40
5 vs 5 Defense
Line #DefenseDefensePHYDFOFWanted %Time %Time Play
1Brad HuntDevon Toews0414044%19:06
2Samuel GirardJosh Manson0413028%12:14
3Jack JohnsonBowen Byram0413028%12:04
4Jack JohnsonDevon Toews12200%0:06
Power Play Forward
Line #Left WingCenterRight WingPHYDFOFWanted %Time %Time Play
1Artturi LehkonenNathan MacKinnonMikko Rantanen0056057%8:18
2Tomas TatarRyan JohansenJonathan Drouin0054043%6:13
Power Play Defense
Line #DefenseDefensePHYDFOFWanted %Time %Time Play
1Josh MansonBowen Byram0056062%9:01
2Devon ToewsSamuel Girard0054038%5:30
Penalty Kill 4 Players Forward
Line #CenterWingPHYDFOFWanted %Time %Time Play
1Ross ColtonTomas Tatar1316061%1:13
2Ryan JohansenFredrik Olofsson1314039%0:46
Penalty Kill 4 Players Defense
Line #DefenseDefensePHYDFOFWanted %Time %Time Play
1Jack JohnsonJosh Manson1405053%1:03
2Devon ToewsBowen Byram1315047%0:56
Penalty Kill 3 Players
Line #WingPHYDFOFWanted %Time %Time PlayDefenseDefensePHYDFOFWanted %Time %Time Play
1Andrew Cogliano122600%0:00 Jack JohnsonJosh Manson122600%0:00
2Ross Colton122400%0:00 Devon ToewsBowen Byram122400%0:00
4 vs 4 Forward
Line #CenterWingPHYDFOFWanted %Time %Time Play
1Nathan MacKinnonMikko Rantanen104600%0:00
2Ryan JohansenArtturi Lehkonen113400%0:00
4 vs 4 Defense
Line #DefensePHYDFOFWanted %Time %Time Play
1Jack JohnsonDevon Toews014600%0:00
2Bowen ByramJosh Manson014400%0:00
Last Minutes Offensive
Left WingCenterRight WingDefenseDefense
Artturi LehkonenNathan MacKinnonMikko RantanenBrad HuntBowen Byram
Last Minutes Defensive
Left WingCenterRight WingDefenseDefense
Artturi LehkonenNathan MacKinnonMikko RantanenBrad HuntBowen Byram
Time
Total ForwardTotal DefenseLast Minutes OffensiveLast Minutes Defensive
60:00 60:00 0:000:00
Extra Forwards
Normal PowerPlayPenalty Kill
Tomas Tatar, Jonathan Drouin, Nathan MacKinnonLogan O'Connor, Ross ColtonNathan MacKinnon
Extra Defensemen
Normal PowerPlayPenalty Kill
Bowen Byram, Josh Manson, Samuel GirardJosh Manson, Samuel GirardBowen Byram
Penalty Shots
Mikko Rantanen, Nathan MacKinnon, Jonathan Drouin, Artturi Lehkonen, Tomas Tatar
Goalie
Alexandar Georgiev, Pavel Francouz
Custom OT Lines Forwards
Mikko Rantanen, Nathan MacKinnon, Chris Wagner, Artturi Lehkonen, Tomas Tatar, Ryan Johansen, Ross Colton, Logan O'Connor, Jonathan Drouin, Andrew Cogliano
Custom OT Lines Defensemen
Devon Toews, Bowen Byram, Jack Johnson, Samuel Girard, Josh Manson
Scratches
Cale Makar (Chest/Ribs Injury), Valeri Nichushkin (Suspend), Justus Annunen (Healthy)


Play-by-Play

1st period


0:01 of 1st period - Nathan MacKinnon wins face-off versus Jared McCann in neutral zone.
0:32 of 1st period - Snap shot by Andre Burakovsky.
0:32 of 1st period - Shot Blocked by Brad Hunt.
1:12 of 1st period - Justin Schultz is hit by Fredrik Olofsson.
1:40 of 1st period - Snap shot by Nathan MacKinnon.
1:40 of 1st period - Stopped by Philipp Grubauer without a rebound.
1:41 of 1st period - Yanni Gourde wins face-off versus Ryan Johansen in Seattle Kraken zone.
1:41 of 1st period - Yanni Gourde is hit by Josh Manson.
2:03 of 1st period - Minor Penalty to Ryan Johansen for Roughing.
2:04 of 1st period - Alex Wennberg wins face-off versus Ross Colton in Colorado Avalanche zone.
2:31 of 1st period - Jack Johnson is hit by Andre Burakovsky and loses puck.
4:03 of 1st period - Penalty to Ryan Johansen is over, Ryan Johansen is back on ice.
4:12 of 1st period - Pierre-Edouard Bellemare is hit by Mikko Rantanen and loses puck.
4:25 of 1st period - Andrew Cogliano is hit by Brian Dumoulin and loses puck.
5:36 of 1st period - Andrew Cogliano is hit by Pierre-Edouard Bellemare and loses puck.
6:43 of 1st period - Slapshot by Samuel Girard.
6:43 of 1st period - Stopped by Philipp Grubauer without a rebound.
6:44 of 1st period - Andrew Cogliano wins face-off versus Jaden Schwartz in Seattle Kraken zone.
6:44 of 1st period - Andrew Cogliano is hit by Adam Larsson.
6:51 of 1st period - Minor Penalty to Adam Larsson for Holding.
6:52 of 1st period - Jordan Eberle wins face-off versus Nathan MacKinnon in Seattle Kraken zone.
8:51 of 1st period - Penalty to Adam Larsson is over, Adam Larsson is back on ice.
9:29 of 1st period - Snap shot by Oliver Bjorkstrand.
9:29 of 1st period - Stopped by Alexandar Georgiev with a rebound.
10:36 of 1st period - Jalen Chatfield is hit by Jack Johnson and loses puck.
10:57 of 1st period - Alex Wennberg is hit by Ryan Johansen and loses puck.
11:57 of 1st period - Snap shot by Jordan Eberle.
11:57 of 1st period - Stopped by Alexandar Georgiev without a rebound.
11:58 of 1st period - Nathan MacKinnon wins face-off versus Jared McCann in Colorado Avalanche zone.
12:15 of 1st period - Slapshot by Nathan MacKinnon.
12:15 of 1st period - Stopped by Philipp Grubauer without a rebound.
12:16 of 1st period - Ryan Johansen wins face-off versus Yanni Gourde in Seattle Kraken zone.
12:24 of 1st period - Minor Penalty to Yanni Gourde for Roughing.
12:25 of 1st period - Jordan Eberle wins face-off versus Nathan MacKinnon in Seattle Kraken zone.
12:53 of 1st period - Snap shot by Jonathan Drouin.
12:53 of 1st period - Shot Blocked by Adam Larsson.
14:24 of 1st period - Penalty to Yanni Gourde is over, Yanni Gourde is back on ice.
14:32 of 1st period - Slapshot by Klim Kostin.
14:32 of 1st period - Shot Blocked by Devon Toews.
14:34 of 1st period - Snap shot by Pierre-Edouard Bellemare.
14:34 of 1st period - Deflect By Devon Toews.
14:34 of 1st period - Shot Blocked by Samuel Girard.
14:34 of 1st period - Puck is out of play.
14:35 of 1st period - Andrew Cogliano wins face-off versus Jaden Schwartz in Colorado Avalanche zone.
14:35 of 1st period - Andrew Cogliano is hit by Jaycob Megna.
14:41 of 1st period - Slapshot by Bowen Byram.
14:41 of 1st period - Stopped by Philipp Grubauer without a rebound.
14:42 of 1st period - Jared McCann wins face-off versus Ryan Johansen in Seattle Kraken zone.
14:54 of 1st period - Minor Penalty to Adam Larsson for Holding.
14:55 of 1st period - Nathan MacKinnon wins face-off versus Jordan Eberle in Seattle Kraken zone.
15:07 of 1st period - Wrist shot by Mikko Rantanen.
15:07 of 1st period - Goal by Mikko Rantanen - Seattle Kraken : 0 - Colorado Avalanche : 1.
15:08 of 1st period - Mikko Rantanen wins face-off versus Jared McCann in neutral zone.
15:19 of 1st period - Snap shot by Nathan MacKinnon.
15:19 of 1st period - Shot Misses the Net.
15:21 of 1st period - Slapshot by Jack Johnson.
15:21 of 1st period - Deflect By Artturi Lehkonen.
15:21 of 1st period - Shot Misses the Net.
15:21 of 1st period - Puck is out of play.
15:22 of 1st period - Jared McCann wins face-off versus Nathan MacKinnon in Seattle Kraken zone.
15:24 of 1st period - Minor Penalty to Jamie Oleksiak for Hooking.
15:25 of 1st period - Nathan MacKinnon wins face-off versus Jordan Eberle in Seattle Kraken zone.
15:31 of 1st period - Snap shot by Mikko Rantanen.
15:31 of 1st period - Shot Blocked by Justin Schultz.
15:33 of 1st period - Snap shot by Nathan MacKinnon.
15:33 of 1st period - Goal by Nathan MacKinnon - Seattle Kraken : 0 - Colorado Avalanche : 2.
15:34 of 1st period - Nathan MacKinnon wins face-off versus Matty Beniers in neutral zone.
16:13 of 1st period - Wrist shot by Jonathan Drouin.
16:13 of 1st period - Stopped by Philipp Grubauer with a rebound.
16:25 of 1st period - Tomas Tatar is hit by Jaycob Megna and loses puck.
16:34 of 1st period - Snap shot by Tomas Tatar.
16:34 of 1st period - Deflect By Ryan Johansen.
16:34 of 1st period - Shot Misses the Net.
16:34 of 1st period - Puck is out of play.
16:35 of 1st period - Yanni Gourde wins face-off versus Nathan MacKinnon in Seattle Kraken zone.
16:44 of 1st period - Wrist shot by Mikko Rantanen.
16:44 of 1st period - Stopped by Philipp Grubauer without a rebound.
16:45 of 1st period - Nathan MacKinnon wins face-off versus Yanni Gourde in Seattle Kraken zone.
16:57 of 1st period - Minor Penalty to Yanni Gourde for Holding.
16:58 of 1st period - Alex Wennberg wins face-off versus Nathan MacKinnon in Seattle Kraken zone.
17:14 of 1st period - Slapshot by Nathan MacKinnon.
17:14 of 1st period - Shot Misses the Net.
17:29 of 1st period - Matty Beniers is hit by Tomas Tatar and loses puck.
17:44 of 1st period - Artturi Lehkonen is hit by Alex Wennberg.
18:57 of 1st period - Penalty to Yanni Gourde is over, Yanni Gourde is back on ice.
19:40 of 1st period - Devon Toews is hit by Alex Wennberg and loses puck.
19:55 of 1st period - Justin Schultz is hit by Logan O'Connor.
Goals for this period are 0 for Seattle Kraken vs 2 for Colorado Avalanche.
Shots for this period are 2 for Seattle Kraken vs 8 for Colorado Avalanche.

2nd period


0:01 of 2nd period - Nathan MacKinnon wins face-off versus Jared McCann in neutral zone.
0:03 of 2nd period - Off-side.
0:04 of 2nd period - Nathan MacKinnon wins face-off versus Jared McCann in neutral zone.
0:31 of 2nd period - Tomas Tatar is hit by Yanni Gourde and loses puck.
0:40 of 2nd period - Snap shot by Oliver Bjorkstrand.
0:40 of 2nd period - Stopped by Alexandar Georgiev with a rebound.
0:42 of 2nd period - Wrist shot by Oliver Bjorkstrand.
0:42 of 2nd period - Stopped by Alexandar Georgiev without a rebound.
0:43 of 2nd period - Nathan MacKinnon wins face-off versus Jordan Eberle in Colorado Avalanche zone.
1:09 of 2nd period - Wrist shot by Alex Wennberg.
1:09 of 2nd period - Shot Blocked by Jack Johnson.
1:11 of 2nd period - Slapshot by Alex Wennberg.
1:11 of 2nd period - Shot Blocked by Bowen Byram.
1:25 of 2nd period - Wrist shot by Mikko Rantanen.
1:25 of 2nd period - Shot Misses the Net.
1:41 of 2nd period - Slapshot by Samuel Girard.
1:41 of 2nd period - Shot Misses the Net.
2:01 of 2nd period - Wrist shot by Andre Burakovsky.
2:01 of 2nd period - Shot Misses the Net.
2:20 of 2nd period - Icing by Justin Schultz.
2:21 of 2nd period - Jared McCann wins face-off versus Andrew Cogliano in Seattle Kraken zone.
2:34 of 2nd period - Snap shot by Andre Burakovsky.
2:34 of 2nd period - Shot Blocked by Devon Toews.
2:36 of 2nd period - Snap shot by Yanni Gourde.
2:36 of 2nd period - Deflect By Andre Burakovsky.
2:36 of 2nd period - Stopped by Alexandar Georgiev with a rebound.
2:46 of 2nd period - Backhand shot by Tomas Tatar.
2:46 of 2nd period - Shot Misses the Net.
3:03 of 2nd period - Minor Penalty to Alex Wennberg for Hooking.
3:04 of 2nd period - Jordan Eberle wins face-off versus Nathan MacKinnon in Seattle Kraken zone.
3:31 of 2nd period - Tomas Tatar is hit by Andre Burakovsky and loses puck.
3:42 of 2nd period - Wrist shot by Tomas Tatar.
3:42 of 2nd period - Deflect By Ryan Johansen.
3:42 of 2nd period - Stopped by Philipp Grubauer without a rebound.
3:43 of 2nd period - Jordan Eberle wins face-off versus Artturi Lehkonen in Seattle Kraken zone.
3:52 of 2nd period - Justin Schultz is hit by Devon Toews and loses puck.
4:22 of 2nd period - Andre Burakovsky is hit by Jonathan Drouin.
5:03 of 2nd period - Penalty to Alex Wennberg is over, Alex Wennberg is back on ice.
5:30 of 2nd period - Jaycob Megna is hit by Chris Wagner and loses puck.
5:51 of 2nd period - Wrist shot by Matty Beniers.
5:51 of 2nd period - Shot Misses the Net.
6:22 of 2nd period - Slapshot by Devon Toews.
6:22 of 2nd period - Stopped by Philipp Grubauer with a rebound.
6:32 of 2nd period - Brandon Tanev is hit by Logan O'Connor and loses puck.
7:05 of 2nd period - Snap shot by Nathan MacKinnon.
7:05 of 2nd period - Stopped by Philipp Grubauer without a rebound.
7:06 of 2nd period - Nathan MacKinnon wins face-off versus Jared McCann in Seattle Kraken zone.
7:44 of 2nd period - Slapshot by Jonathan Drouin.
7:44 of 2nd period - Stopped by Philipp Grubauer with a rebound.
9:07 of 2nd period - Snap shot by Andre Burakovsky.
9:07 of 2nd period - Deflect By Oliver Bjorkstrand.
9:07 of 2nd period - Stopped by Alexandar Georgiev with a rebound.
9:09 of 2nd period - Slapshot by Andre Burakovsky.
9:09 of 2nd period - Stopped by Alexandar Georgiev with a rebound.
9:11 of 2nd period - Wrist shot by Yanni Gourde.
9:11 of 2nd period - Shot Misses the Net.
9:13 of 2nd period - Wrist shot by Oliver Bjorkstrand.
9:13 of 2nd period - Deflect By Yanni Gourde.
9:13 of 2nd period - Stopped by Alexandar Georgiev without a rebound.
9:14 of 2nd period - Nathan MacKinnon wins face-off versus Jared McCann in Colorado Avalanche zone.
9:36 of 2nd period - Minor Penalty to Justin Schultz for High sticking.
9:37 of 2nd period - Nathan MacKinnon wins face-off versus Alex Wennberg in Seattle Kraken zone.
9:41 of 2nd period - Snap shot by Nathan MacKinnon.
9:41 of 2nd period - Stopped by Philipp Grubauer without a rebound.
9:42 of 2nd period - Nathan MacKinnon wins face-off versus Jordan Eberle in Seattle Kraken zone.
9:51 of 2nd period - Backhand shot by Nathan MacKinnon.
9:51 of 2nd period - Stopped by Philipp Grubauer with a rebound.
10:09 of 2nd period - Wrist shot by Tomas Tatar.
10:09 of 2nd period - Shot Misses the Net.
10:11 of 2nd period - Snap shot by Ryan Johansen.
10:11 of 2nd period - Shot Blocked by Adam Larsson.
10:47 of 2nd period - Andre Burakovsky is hit by Ryan Johansen and loses puck.
11:16 of 2nd period - Tomas Tatar is hit by Jamie Oleksiak.
11:36 of 2nd period - Penalty to Justin Schultz is over, Justin Schultz is back on ice.
11:49 of 2nd period - Andrew Cogliano is hit by Jaden Schwartz and loses puck.
12:50 of 2nd period - Jamie Oleksiak is hit by Jack Johnson and loses puck.
13:01 of 2nd period - Fredrik Olofsson is hit by Jared McCann.
14:21 of 2nd period - Jonathan Drouin is hit by Adam Larsson and loses puck.
14:30 of 2nd period - Wrist shot by Yanni Gourde.
14:30 of 2nd period - Stopped by Alexandar Georgiev without a rebound.
14:31 of 2nd period - Andre Burakovsky wins face-off versus Nathan MacKinnon in Colorado Avalanche zone.
14:32 of 2nd period - Snap shot by Oliver Bjorkstrand.
14:32 of 2nd period - Shot Misses the Net.
14:58 of 2nd period - Andre Burakovsky is hit by Joel Kiviranta and loses puck.
15:29 of 2nd period - Wrist shot by Alex Wennberg.
15:29 of 2nd period - Deflect By Tomas Tatar.
15:29 of 2nd period - Shot Misses the Net.
15:29 of 2nd period - Puck is out of play.
15:30 of 2nd period - Nathan MacKinnon wins face-off versus Jared McCann in Colorado Avalanche zone.
15:40 of 2nd period - Icing by Jamie Oleksiak.
15:41 of 2nd period - Jared McCann wins face-off versus Nathan MacKinnon in Seattle Kraken zone.
16:16 of 2nd period - Minor Penalty to Andre Burakovsky for High sticking.
16:17 of 2nd period - Jordan Eberle wins face-off versus Nathan MacKinnon in Seattle Kraken zone.
16:29 of 2nd period - Snap shot by Mikko Rantanen.
16:29 of 2nd period - Stopped by Philipp Grubauer without a rebound.
16:30 of 2nd period - Nathan MacKinnon wins face-off versus Jordan Eberle in Seattle Kraken zone.
16:33 of 2nd period - Snap shot by Nathan MacKinnon.
16:33 of 2nd period - Stopped by Philipp Grubauer with a rebound.
16:35 of 2nd period - Wrist shot by Mikko Rantanen.
16:35 of 2nd period - Shot Misses the Net.
16:37 of 2nd period - Slapshot by Josh Manson.
16:37 of 2nd period - Stopped by Philipp Grubauer with a rebound.
17:05 of 2nd period - Adam Larsson is hit by Tomas Tatar and loses puck.
17:10 of 2nd period - Slapshot by Tomas Tatar.
17:10 of 2nd period - Stopped by Philipp Grubauer without a rebound.
17:11 of 2nd period - Jordan Eberle wins face-off versus Ryan Johansen in Seattle Kraken zone.
18:16 of 2nd period - Penalty to Andre Burakovsky is over, Andre Burakovsky is back on ice.
19:10 of 2nd period - Nathan MacKinnon is hit by Jordan Eberle and loses puck.
19:25 of 2nd period - Slapshot by Joel Kiviranta.
19:25 of 2nd period - Shot Blocked by Justin Schultz.
19:48 of 2nd period - Devon Toews is hit by Andre Burakovsky and loses puck.
Goals for this period are 0 for Seattle Kraken vs 0 for Colorado Avalanche.
Shots for this period are 7 for Seattle Kraken vs 10 for Colorado Avalanche.
0:00 of 3rd period - Minor Penalty to Brandon Tanev for Delaying the game.

3rd period


0:01 of 3rd period - Alex Wennberg wins face-off versus Nathan MacKinnon in neutral zone.
0:13 of 3rd period - Wrist shot by Nathan MacKinnon.
0:13 of 3rd period - Shot Misses the Net.
2:00 of 3rd period - Penalty to Brandon Tanev is over, Brandon Tanev is back on ice.
2:17 of 3rd period - Slapshot by Matty Beniers.
2:17 of 3rd period - Stopped by Alexandar Georgiev with a rebound.
2:19 of 3rd period - Snap shot by Brandon Tanev.
2:19 of 3rd period - Stopped by Alexandar Georgiev with a rebound.
2:21 of 3rd period - Snap shot by Brandon Tanev.
2:21 of 3rd period - Shot Blocked by Jack Johnson.
2:23 of 3rd period - Snap shot by Brandon Tanev.
2:23 of 3rd period - Shot Blocked by Fredrik Olofsson.
2:25 of 3rd period - Snap shot by Alex Wennberg.
2:25 of 3rd period - Shot Misses the Net.
2:27 of 3rd period - Wrist shot by Matty Beniers.
2:27 of 3rd period - Shot Blocked by Jack Johnson.
2:29 of 3rd period - Wrist shot by Brandon Tanev.
2:29 of 3rd period - Stopped by Alexandar Georgiev with a rebound.
2:31 of 3rd period - Snap shot by Brian Dumoulin.
2:31 of 3rd period - Stopped by Alexandar Georgiev without a rebound.
2:32 of 3rd period - Yanni Gourde wins face-off versus Ross Colton in Colorado Avalanche zone.
3:02 of 3rd period - Snap shot by Mikko Rantanen.
3:02 of 3rd period - Stopped by Philipp Grubauer without a rebound.
3:03 of 3rd period - Nathan MacKinnon wins face-off versus Jaden Schwartz in Seattle Kraken zone.
3:04 of 3rd period - Snap shot by Mikko Rantanen.
3:04 of 3rd period - Shot Misses the Net.
3:10 of 3rd period - Mikko Rantanen is hit by Pierre-Edouard Bellemare and loses puck.
3:15 of 3rd period - Slapshot by Jaden Schwartz.
3:15 of 3rd period - Stopped by Alexandar Georgiev with a rebound.
3:17 of 3rd period - Slapshot by Jaycob Megna.
3:17 of 3rd period - Shot Blocked by Nathan MacKinnon.
3:19 of 3rd period - Snap shot by Pierre-Edouard Bellemare.
3:19 of 3rd period - Deflect By Mikko Rantanen.
3:19 of 3rd period - Shot Misses the Net.
3:19 of 3rd period - Puck is out of play.
3:20 of 3rd period - Ryan Johansen wins face-off versus Jared McCann in Colorado Avalanche zone.
3:25 of 3rd period - Adam Larsson is hit by Devon Toews and loses puck.
3:34 of 3rd period - Snap shot by Ryan Johansen.
3:34 of 3rd period - Stopped by Philipp Grubauer without a rebound.
3:35 of 3rd period - Yanni Gourde wins face-off versus Nathan MacKinnon in Seattle Kraken zone.
4:00 of 3rd period - Icing by Josh Manson.
4:01 of 3rd period - Nathan MacKinnon wins face-off versus Jared McCann in Colorado Avalanche zone.
4:41 of 3rd period - Devon Toews is hit by Yanni Gourde and loses puck.
4:56 of 3rd period - Alex Wennberg is hit by Chris Wagner and loses puck.
5:01 of 3rd period - Slapshot by Devon Toews.
5:01 of 3rd period - Stopped by Philipp Grubauer with a rebound.
5:03 of 3rd period - Slapshot by Brad Hunt.
5:03 of 3rd period - Deflect By Jonathan Drouin.
5:03 of 3rd period - Stopped by Philipp Grubauer without a rebound.
5:04 of 3rd period - Jared McCann wins face-off versus Ryan Johansen in Seattle Kraken zone.
5:16 of 3rd period - Minor Penalty to Jalen Chatfield for Hooking.
5:17 of 3rd period - Jordan Eberle wins face-off versus Nathan MacKinnon in Seattle Kraken zone.
5:31 of 3rd period - Slapshot by Artturi Lehkonen.
5:31 of 3rd period - Goal by Artturi Lehkonen - Seattle Kraken : 0 - Colorado Avalanche : 3.
5:32 of 3rd period - Nathan MacKinnon wins face-off versus Jared McCann in neutral zone.
5:37 of 3rd period - Slapshot by Devon Toews.
5:37 of 3rd period - Deflect By Artturi Lehkonen.
5:37 of 3rd period - Stopped by Philipp Grubauer with a rebound.
5:39 of 3rd period - Wrist shot by Artturi Lehkonen.
5:39 of 3rd period - Stopped by Philipp Grubauer with a rebound.
5:41 of 3rd period - Snap shot by Brad Hunt.
5:41 of 3rd period - Stopped by Philipp Grubauer without a rebound.
5:42 of 3rd period - Jared McCann wins face-off versus Nathan MacKinnon in Seattle Kraken zone.
5:56 of 3rd period - Slapshot by Mikko Rantanen.
5:56 of 3rd period - Deflect By Artturi Lehkonen.
5:56 of 3rd period - Stopped by Philipp Grubauer without a rebound.
5:57 of 3rd period - Yanni Gourde wins face-off versus Nathan MacKinnon in Seattle Kraken zone.
6:30 of 3rd period - Slapshot by Tomas Tatar.
6:30 of 3rd period - Shot Misses the Net.
7:10 of 3rd period - Mikko Rantanen is hit by Justin Schultz and loses puck.
8:11 of 3rd period - Jonathan Drouin is hit by Brandon Tanev and loses puck.
8:42 of 3rd period - Snap shot by Yanni Gourde.
8:42 of 3rd period - Shot Misses the Net.
9:07 of 3rd period - Wrist shot by Jared McCann.
9:07 of 3rd period - Stopped by Alexandar Georgiev with a rebound.
9:21 of 3rd period - Snap shot by Kailer Yamamoto.
9:21 of 3rd period - Stopped by Alexandar Georgiev with a rebound.
9:41 of 3rd period - Snap shot by Jaden Schwartz.
9:41 of 3rd period - Shot Misses the Net.
9:43 of 3rd period - Slapshot by Jaycob Megna.
9:43 of 3rd period - Deflect By Bowen Byram.
9:43 of 3rd period - Stopped by Alexandar Georgiev with a rebound.
9:45 of 3rd period - Snap shot by Jaden Schwartz.
9:45 of 3rd period - Stopped by Alexandar Georgiev without a rebound.
9:46 of 3rd period - Jaden Schwartz wins face-off versus Ross Colton in Colorado Avalanche zone.
9:57 of 3rd period - Snap shot by Jonathan Drouin.
9:57 of 3rd period - Shot Blocked by Justin Schultz.
9:59 of 3rd period - Snap shot by Jonathan Drouin.
9:59 of 3rd period - Stopped by Philipp Grubauer without a rebound.
10:00 of 3rd period - Ryan Johansen wins face-off versus Jared McCann in Seattle Kraken zone.
10:13 of 3rd period - Backhand shot by Jordan Eberle.
10:13 of 3rd period - Stopped by Alexandar Georgiev without a rebound.
10:14 of 3rd period - Nathan MacKinnon wins face-off versus Jared McCann in Colorado Avalanche zone.
10:14 of 3rd period - Nathan MacKinnon is hit by Adam Larsson.
10:27 of 3rd period - Off-side.
10:28 of 3rd period - Nathan MacKinnon wins face-off versus Jared McCann in neutral zone.
10:33 of 3rd period - Snap shot by Nathan MacKinnon.
10:33 of 3rd period - Stopped by Philipp Grubauer without a rebound.
10:34 of 3rd period - Nathan MacKinnon wins face-off versus Jared McCann in Seattle Kraken zone.
10:47 of 3rd period - Jordan Eberle is hit by Artturi Lehkonen and loses puck.
12:29 of 3rd period - Snap shot by Jonathan Drouin.
12:29 of 3rd period - Stopped by Philipp Grubauer with a rebound.
14:51 of 3rd period - Jalen Chatfield is hit by Tomas Tatar and loses puck.
15:13 of 3rd period - Brandon Tanev is hit by Joel Kiviranta and loses puck.
15:24 of 3rd period - Kailer Yamamoto is hit by Ryan Johansen and loses puck.
15:53 of 3rd period - Slapshot by Devon Toews.
15:53 of 3rd period - Shot Misses the Net.
15:55 of 3rd period - Wrist shot by Chris Wagner.
15:55 of 3rd period - Shot Misses the Net.
15:57 of 3rd period - Snap shot by Jonathan Drouin.
15:57 of 3rd period - Shot Misses the Net.
16:05 of 3rd period - Snap shot by Alex Wennberg.
16:05 of 3rd period - Stopped by Alexandar Georgiev without a rebound.
16:06 of 3rd period - Andrew Cogliano wins face-off versus Jared McCann in Colorado Avalanche zone.
16:13 of 3rd period - Backhand shot by Brad Hunt.
16:13 of 3rd period - Deflect By Matty Beniers.
16:13 of 3rd period - Stopped by Philipp Grubauer with a rebound.
16:15 of 3rd period - Slapshot by Fredrik Olofsson.
16:15 of 3rd period - Shot Misses the Net.
16:17 of 3rd period - Snap shot by Devon Toews.
16:17 of 3rd period - Stopped by Philipp Grubauer without a rebound.
16:18 of 3rd period - Nathan MacKinnon wins face-off versus Jordan Eberle in Seattle Kraken zone.
16:31 of 3rd period - Snap shot by Jordan Eberle.
16:31 of 3rd period - Shot Blocked by Josh Manson.
16:33 of 3rd period - Snap shot by Adam Larsson.
16:33 of 3rd period - Stopped by Alexandar Georgiev without a rebound.
16:34 of 3rd period - Yanni Gourde wins face-off versus Ryan Johansen in Colorado Avalanche zone.
16:39 of 3rd period - Snap shot by Oliver Bjorkstrand.
16:39 of 3rd period - Shot Blocked by Logan O'Connor.
17:01 of 3rd period - Jared McCann is hit by Nathan MacKinnon and loses puck.
17:12 of 3rd period - Snap shot by Nathan MacKinnon.
17:12 of 3rd period - Shot Hit the Post.
17:22 of 3rd period - Wrist shot by Jonathan Drouin.
17:22 of 3rd period - Deflect By Ross Colton.
17:22 of 3rd period - Shot Misses the Net.
17:22 of 3rd period - Puck is out of play.
17:23 of 3rd period - Jaden Schwartz wins face-off versus Ross Colton in Seattle Kraken zone.
17:23 of 3rd period - Jaden Schwartz is hit by Ross Colton.
17:47 of 3rd period - Wrist shot by Jonathan Drouin.
17:47 of 3rd period - Shot Misses the Net.
17:59 of 3rd period - Wrist shot by Jonathan Drouin.
17:59 of 3rd period - Stopped by Philipp Grubauer with a rebound.
19:11 of 3rd period - Wrist shot by Jaden Schwartz.
19:11 of 3rd period - Stopped by Alexandar Georgiev with a rebound.
19:13 of 3rd period - Slapshot by Jalen Chatfield.
19:13 of 3rd period - Shot Blocked by Devon Toews.
19:15 of 3rd period - Snap shot by Jalen Chatfield.
19:15 of 3rd period - Shot Misses the Net.
19:17 of 3rd period - Snap shot by Jaycob Megna.
19:17 of 3rd period - Shot Blocked by Brad Hunt.
19:19 of 3rd period - Slapshot by Jalen Chatfield.
19:19 of 3rd period - Shot Misses the Net.
19:21 of 3rd period - Wrist shot by Jalen Chatfield.
19:21 of 3rd period - Shot Blocked by Brad Hunt.
19:23 of 3rd period - Snap shot by Pierre-Edouard Bellemare.
19:23 of 3rd period - Stopped by Alexandar Georgiev without a rebound.
19:24 of 3rd period - Nathan MacKinnon wins face-off versus Jared McCann in Colorado Avalanche zone.
19:24 of 3rd period - Nathan MacKinnon is hit by Jamie Oleksiak.
19:36 of 3rd period - Snap shot by Mikko Rantanen.
19:36 of 3rd period - Stopped by Philipp Grubauer with a rebound.
19:38 of 3rd period - Slapshot by Samuel Girard.
19:38 of 3rd period - Shot Blocked by Matty Beniers.
19:50 of 3rd period - Logan O'Connor is hit by Yanni Gourde and loses puck.
19:58 of 3rd period - Off-side.
19:59 of 3rd period - Nathan MacKinnon wins face-off versus Yanni Gourde in neutral zone.
Goals for this period are 0 for Seattle Kraken vs 1 for Colorado Avalanche.
Shots for this period are 14 for Seattle Kraken vs 16 for Colorado Avalanche.